 Dungeon Crawl Stone Soup version 0.26.1-11-gd32895ea62 (webtiles) character file.

Game seed: 17733388901143984436

140 Felido the Cutter (level 5, -1/32 HPs)
             Began as a Deep Elf Monk on June 27, 2021.
             Slain by a sky beast (2 damage)
             ... on level 3 of the Dungeon.
             The game lasted 00:05:24 (3580 turns).

Felido the Cutter (Deep Elf Monk)                   Turns: 3580, Time: 00:05:24

Health: -1/32      AC:  9    Str:  8 (9)  XL:     5   Next: 2%
Magic:  7/7        EV:  1    Int: 14 (15) God:
Gold:   213        SH:  6    Dex: 17      Spells: 4/4 levels left

rFire    . . .     SeeInvis .   a - +1 short sword
rCold    . . .     Faith    .   k - +0 kite shield (curse)
rNeg     . . .     Spirit   .   i - +0 chain mail
rPois    .         Reflect  .   (no helmet)
rElec    .         Harm     .   (no cloak)
rCorr    .         Rampage  .   (no gloves)
Will     .....                  f - +0 pair of boots
Stlth    ..........             (no amulet)
HPRegen  0.10/turn              (no ring)
MPRegen  0.10/turn              (no ring)

@: invisible
A: no striking features
a: no special abilities


You were on level 3 of the Dungeon.
You visited 1 branch of the dungeon, and saw 3 of its levels.

You collected 213 gold pieces.

Inventory:

Hand Weapons
 a - a +1 short sword (weapon)
Armour
 b - a +0 robe
 f - a +0 pair of boots (worn)
 g - a +0 leather armour
 i - a +0 chain mail (worn)
 k - a cursed +0 kite shield (worn)
Scrolls
 h - a scroll of noise {unknown}
 j - a scroll of enchant weapon
 l - a scroll of teleportation {unknown}
Potions
 d - a potion of lignification
 e - 2 potions of brilliance


   Skills:
 + Level 2.9 Fighting
 + Level 4.2 Short Blades
 + Level 1.0 Armour
 + Level 4.1 Dodging
 + Level 3.9 Stealth


You had 4 spell levels left.
You didn't know any spells.
Your spell library was empty.

Dungeon Overview and Level Annotations

Branches:
Dungeon (3/15)

Altars:


Message History

You miss something. Something hits you but does no damage.
You hit something but do no damage. Something hits you but does no damage.
You hit something but do no damage. Something hits you but does no damage.
Your chain mail prevents you from hitting something.
Something hits you but does no damage.
Your chain mail prevents you from hitting something.
Something hits you but does no damage.
You miss something. Something hits you. Something shocks you.
You miss something. Something hits you but does no damage.
You miss something. Something hits you. Something shocks you.
* * * LOW HITPOINT WARNING * * *
You barely miss something. Something hits you but does no damage.
Something hits you.
* * * LOW HITPOINT WARNING * * *
Something shocks you.
* * * LOW HITPOINT WARNING * * *
It was a potion of invisibility.
You fade into invisibility!
Something hits you.
You die...

...#
#.....................##
...#
###'#####.............#
...# #.# #########.#####
#### #.# #(#
############.########
#.#
..........(..........##
#.#
############)#######..##
#.#
...................>....
..#
############....@{......
... #..#######..# #..#
############..#
.....^........#
#...........#.#
#...........#.#
#...........#.#
#...........#.#


There were no monsters in sight!

Vanquished Creatures
  Natasha (twice) (D:2)
  2 adders
  2 oozes (D:1)
  3 worms
  A dart slug (D:2)
  6 bats
  4 giant cockroaches
  5 goblins
  4 hobgoblins
  10 jackals (D:2)
  A frilled lizard (D:2)
  7 kobolds
  6 rats
53 creatures vanquished.

Notes
Turn   | Place    | Note
-------+----------+-------------------------------------------
     0 | D:1      | Felido the Deep Elf Monk began the quest for the Orb.
     0 | D:1      | Reached XP level 1. HP: 13/13 MP: 3/3
   431 | D:1      | Reached XP level 2. HP: 18/18 MP: 4/4
  1145 | D:2      | Reached XP level 3. HP: 22/22 MP: 5/5
  1210 | D:2      | Noticed Natasha
  1222 | D:2      | Killed Natasha
  1569 | D:2      | Noticed Natasha
  1583 | D:2      | Killed Natasha
  1584 | D:2      | Reached XP level 4. HP: 7/27 MP: 6/6
  3246 | D:3      | Reached skill level 1 in Armour
  3246 | D:3      | Reached XP level 5. HP: 19/32 MP: 7/7
  3559 | D:3      | Noticed a sky beast
  3579 | D:3      | HP: 1/32 [something (6)]
  3580 | D:3      | Slain by a sky beast

Illustrated notes

Levels and vault maps discovered:
D:1:      roderic_chinese_lattice_arrival, layout_loops_corners
D:2:      layout_loops_ring, uniq_natasha
D:3:      layout_basic, hangedman_ru_absence, uniq_jessica

Skill      XL: |  1  2  3  4 |
---------------+-------------+-----
Dodging        | 4 |  4.1
Stealth        | 3 |  3.9
Short Blades   | 4 |  4.2
Armour         | 1 |  1.0
Fighting       | |  2.9

Action                   |  1- 3 |  4- 6 || total
-------------------------+-------+-------++-------
Melee: Short sword       |   101 |   185 ||   286
  Use: Scroll            |     2 |     3 ||     5
       Potion            |     1 |     1 ||     2
 Stab: Sleeping          |    10 |       ||    10
Armor: Robe              |     3 |       ||     3
       Chain mail        |    23 |   132 ||   155
       Leather armour    |     4 |       ||     4
Dodge: Dodged            |    38 |    13 ||    51
Block: Kite shield       |       |    37 ||    37
